 Dungeon Crawl Stone Soup version 0.26.1-11-gd32895ea62 (webtiles) character file.

Game seed: 5235152278182682911

53687 Amplified the Quickloader (level 14, -3/108 HPs)
             Began as a Gnoll Transmuter on May 9, 2021.
             Was a High Priest of Okawaru.
             Slain by Agnes
             ... wielding a +2 spectral lajatang
              (27 damage)
             ... on level 14 of the Dungeon on May 11, 2021.
             The game lasted 00:24:40 (17069 turns).

Amplified the Quickloader (Gnoll Transmuter)       Turns: 17069, Time: 00:24:40

Health: -3/108     AC: 16    Str: 16    XL:     14   Next: 69%
Magic:  24/28      EV: 31    Int: 16    God:    Okawaru [*****.]
Gold:   400        SH:  0    Dex: 24    Spells: 26/33 levels left

rFire    + + +     SeeInvis .   v - +4 lajatang (pain)
rCold    + + +     Faith    .   (shield currently unavailable)
rNeg     . . .     Spirit   .   O - +3 troll leather armour {Snorg}
rPois    +         Reflect  .   (no helmet)
rElec    +         Harm     .   w - +0 cloak
rCorr    +         Rampage  .   o - +2 pair of gloves {archery}
Will     +....                  (no boots)
Stlth    ++++++....             M - amulet of the acrobat
HPRegen  0.68/turn              H - ring of Roun Doe {rF++ rC+}
MPRegen  0.21/turn              j - ring of Fixation {rElec rC+ EV+4 Dex+7}

@: resistant, heroism, finesse, studying Crossbows
A: distributed training, fangs 1, iridescent scales 1, wild magic 1, strong nose
a: Renounce Religion, Heroism, Finesse


You were on level 14 of the Dungeon.
You worshipped Okawaru.
Okawaru was extremely pleased with you.
You visited 1 branch of the dungeon, and saw 15 of its levels.
You also visited: Gauntlet.

You collected 975 gold pieces.
You spent 575 gold pieces at shops.

Inventory:

Hand Weapons
 e - the +7 hand axe of Guile {venom, rPois Dex+4}
   (You found it in a Gauntlet)

   It poisons the flesh of those it strikes.
   It affects your dexterity (+4).
   It protects you from poison.
 v - a +4 lajatang of pain (weapon)
 N - the +8 rapier "Jumiemeq" {pain, rF+}
   (Okawaru gifted it to you in a Gauntlet)

   In the hands of one skilled in necromantic magic, it inflicts extra damage on
   living creatures.
   It protects you from fire.
Missiles
 a - 52 poisoned darts
 K - 8 curare-tipped darts
Armour
 o - a +2 pair of gloves of archery (worn)
 w - a +0 cloak (worn)
 O - a +3 troll leather armour (worn) {Snorg}
Jewellery
 j - the ring of Fixation (right hand) {rElec rC+ EV+4 Dex+7}
   (You took it off an orc on level 7 of the Dungeon)

   [ring of evasion]

   It affects your evasion (+4).
   It affects your dexterity (+7).
   It protects you from cold.
   It insulates you from electricity.
 q - an uncursed ring of see invisible
 r - an uncursed ring of willpower
 B - an uncursed amulet of reflection
 D - an uncursed ring of protection from cold
 H - the ring of Roun Doe (left hand) {rF++ rC+}
   (You found it in a Gauntlet)

   [ring of protection from cold]

   It greatly protects you from fire.
   It protects you from cold.
 M - an amulet of the acrobat (around neck)
Wands
 h - a wand of iceblast (28)
 l - a wand of random effects (17)
 L - a wand of digging (3)
 P - a wand of paralysis (12)
Scrolls
 c - 5 scrolls of identify
 d - a scroll of fear
 k - 5 scrolls of immolation
 n - 2 scrolls of teleportation
 x - 3 scrolls of enchant armour
 y - 8 scrolls of remove curse
 z - a scroll of holy word
 A - a scroll of brand weapon
 E - 2 scrolls of amnesia
 G - 4 scrolls of fog
 J - a scroll of enchant weapon
Potions
 b - a potion of mutation
 f - 2 potions of resistance
 g - 3 potions of flight
 i - 2 potions of haste
 p - a potion of curing
 F - 3 potions of attraction
 I - a potion of magic
Books
 u - a manual of Crossbows
Miscellaneous
 C - a phantom mirror (inert)


   Skills:
 + Level 9.3(14.3) Fighting
 + Level 9.0(14.0) Short Blades
 + Level 9.0(14.0) Long Blades
 + Level 9.0(14.0) Axes
 + Level 9.0(14.0) Maces & Flails
 + Level 9.0(14.0) Polearms
 + Level 9.0(14.0) Staves
 + Level 9.0(14.0) Slings
 + Level 9.0(14.0) Bows
 + Level 11.3(16.3) Crossbows
 + Level 9.0(14.0) Throwing
 + Level 9.0(14.0) Armour
 + Level 10.1(15.1) Dodging
 + Level 9.0(14.0) Stealth
 + Level 9.0(14.0) Shields
 + Level 11.0(16.0) Unarmed Combat
 + Level 10.2 Spellcasting
 + Level 7.5 Conjurations
 + Level 7.5 Hexes
 + Level 7.5 Summonings
 + Level 7.5 Necromancy
 + Level 7.5 Translocations
 + Level 8.5 Transmutations
 + Level 7.5 Fire Magic
 + Level 7.5 Ice Magic
 + Level 7.5 Air Magic
 + Level 7.5 Earth Magic
 + Level 7.5 Poison Magic
 + Level 9.8 Invocations
 + Level 9.0 Evocations


You had 26 spell levels left.
You knew the following spells:

 Your Spells              Type           Power        Failure   Level
a - Beastly Appendage     Tmut           92%          1%          1
b - Wereblood             Tmut           46%          1%          2
c - Airstrike             Air            20%          8%          4

Your spell library contained the following spells:

 Spells                   Type           Power        Failure   Level
 Freeze                   Ice            100%         1%          1
 Shock                    Conj/Air       100%         1%          1
 Swiftness                Air            41%          1%          2
 Frozen Ramparts          Ice            82%          2%          3
 Ozocubu's Armour         Ice            41%          2%          3
 Spider Form              Tmut/Pois      21%          2%          3
 Static Discharge         Conj/Air       41%          2%          3
 Ice Form                 Ice/Tmut       43%          6%          4
 Hailstorm                Conj/Ice       41%          8%          4
 Summon Ice Beast         Ice/Summ       41%          8%          4
 Blade Hands              Tmut           23%          13%         5
 Lightning Bolt           Conj/Air       20%          19%         5


Dungeon Overview and Level Annotations

Branches:
Dungeon (15/15)            Temple (0/1) D:5            Lair (0/6) D:11
    Orc (0/2) D:12         Vaults (0/5) D:14        Gauntlet (visited)
 Depths: D:15

Altars:
Kikubaaqudgha
Makhleb
Okawaru
Uskayaw

Shops:
D:5 (   D:6 ?   D:10 *}   D:14 [

Annotations:
D:7 2 runed translucent doors, Crazy Yiuf
D:14 Agnes


Innate Abilities, Weirdness & Mutations

Your experience applies equally to all skills.
You have very sharp teeth.
Your uncanny sense of smell can sniff out nearby items.
You are partially covered in iridescent scales. (AC +2)
Your spells are a little harder to cast, but a little more powerful.


Message History

You completely miss something. Something hits you!!
You hit something. Your bite misses something. The spectral weapon hits you!
Unknown command.
You hit something. Something completely misses you.
The spectral weapon misses you.
Unknown command.
You feel better. Something hits you! The spectral weapon hits you.
Something hits you but does no damage.
Unknown command.
You feel protected. The spectral weapon hits you. Something hits you!
The spectral weapon misses you.
Unknown command.
As you read the scroll of fear, it crumbles to dust.
You assume a fearsome visage.
The spectral weapon is unaffected.
Something hits you!
* * * LOW HITPOINT WARNING * * *
The spectral weapon completely misses you.
Something hits you!!
You die...

.#.....# ... ..
.#######
#.......# ...#
#.......# ...#
#.......# #..#
#.......# #..#
#.......# #..#
#.......# #..#
#.......########
#..#
#......@.......#
#..#
#......{(.....#
#..#
#.........###.#
#..# #....######
#..# #....#
...#######....#
....(.........#
###...........#
#...........#


You could see a +2 spectral lajatang (summoned).

Vanquished Creatures
  An ironheart preserver (D:14)
  The ghost of TangoThomas the Carver, a journeyman DsGl of Ru (D:11)
  A minotaur (Gauntlet)
  Snorg (D:11)
  Erolcha (D:9)
  Erica (D:11)
  4 two-headed ogres
  2 centaur warriors
  A tengu warrior (D:14)
  Sonja (D:11)
  4 unseen horrors
  An obsidian statue (Gauntlet)
  A necromancer (Gauntlet)
  12 ugly things
  2 manticores (D:11)
  4 cyclopes
  An ice statue (Gauntlet)
  Joseph (D:9)
  A rime drake (Gauntlet)
  A kobold demonologist (D:14)
  A komodo dragon (D:11)
  5 trolls
  Grinder (D:6)
  4 slime creatures (D:12)
  2 shadows
  Sigmund (D:6)
  A vampire (D:12)
  7 wraiths
  2 wyverns
  8 yaks
  Grum (D:9)
  A vampire mosquito (D:7)
  Menkaure (D:7)
  2 steam dragons
  A soldier ant (D:7)
  4 water moccasins
  5 orc warriors
  4 ice beasts
  A hornet zombie (D:11)
  A sky beast (D:10)
  2 phantoms (D:11)
  A black bear (D:9)
  8 ogres
  7 wolves
  13 centaurs
  8 bullfrogs
  A wyvern skeleton (D:6)
  4 scorpions
  14 killer bees
  7 howler monkeys
  2 electric eels (D:8)
  3 jellies
  4 hounds
  5 orc priests
  6 orc wizards
  6 centaur skeletons
  3 iguanas
  13 worker ants
  2 killer bee zombies
  A hound zombie (D:7)
  2 hound skeletons
  Robin (D:2)
  3 worker ant zombies
  8 adders
  A gnoll (D:3)
  2 shadow imps (D:10)
  3 white imps
  3 ufetubi
  2 oozes
  An adder zombie (D:5)
  2 adder skeletons (D:4)
  A worm (D:4)
  4 dart slugs
  4 leopard geckos
  47 orcs
  A ball python (D:6)
  6 giant cockroaches
  9 hobgoblins
  16 jackals
  7 kobolds
  4 quokkas
  A bat (D:3)
  8 frilled lizards
  A giant cockroach zombie (D:5)
  14 goblins
  A leopard gecko zombie (D:7)
  2 quokka zombies
  3 rats
362 creatures vanquished.

Vanquished Creatures (others)
  44 plants
44 creatures vanquished.

Grand Total: 406 creatures vanquished

Notes
Turn   | Place    | Note
-------+----------+-------------------------------------------
     0 | D:1      | Amplified the Gnoll Transmuter began the quest for the Orb.
     0 | D:1      | Reached XP level 1. HP: 17/17 MP: 6/6
   264 | D:1      | Reached XP level 2. HP: 23/23 MP: 7/7
   574 | D:1      | Reached XP level 3. HP: 28/28 MP: 9/9
   622 | D:1      | Reached skill level 5 in Spellcasting
   905 | D:2      | Learned a level 2 spell: Wereblood
   949 | D:2      | Noticed Robin
   955 | D:2      | Reached skill level 1 in Invocations
   955 | D:2      | Gained mutation: You are partially covered in iridescent
                  | scales. (AC +2) [potion of mutation]
   955 | D:2      | Gained mutation: Your spells are a little harder to cast,
                  | but a little more powerful. [potion of mutation]
   962 | D:2      | Killed Robin
   968 | D:2      | Reached skill level 1 in Short Blades
   968 | D:2      | Reached skill level 1 in Long Blades
   968 | D:2      | Reached skill level 1 in Axes
   968 | D:2      | Reached skill level 1 in Maces & Flails
   968 | D:2      | Reached skill level 1 in Polearms
   968 | D:2      | Reached skill level 1 in Staves
   968 | D:2      | Reached skill level 1 in Slings
   968 | D:2      | Reached skill level 1 in Bows
   968 | D:2      | Reached skill level 1 in Crossbows
   968 | D:2      | Reached skill level 1 in Throwing
   968 | D:2      | Reached skill level 1 in Armour
   968 | D:2      | Reached skill level 1 in Stealth
   968 | D:2      | Reached skill level 1 in Shields
   968 | D:2      | Reached skill level 1 in Evocations
   975 | D:2      | Reached XP level 4. HP: 20/34 MP: 11/11
  1291 | D:2      | You fall into a shaft and drop 2 floors!
  1307 | D:4      | Reached skill level 1 in Conjurations
  1307 | D:4      | Reached skill level 1 in Hexes
  1307 | D:4      | Reached skill level 1 in Summonings
  1307 | D:4      | Reached skill level 1 in Necromancy
  1307 | D:4      | Reached skill level 1 in Translocations
  1307 | D:4      | Reached skill level 1 in Fire Magic
  1307 | D:4      | Reached skill level 1 in Ice Magic
  1307 | D:4      | Reached skill level 1 in Air Magic
  1307 | D:4      | Reached skill level 1 in Earth Magic
  1307 | D:4      | Reached skill level 1 in Poison Magic
  1573 | D:4      | Reached XP level 5. HP: 40/40 MP: 12/12
  1636 | D:3      | Found a hide-covered altar of Uskayaw.
  2748 | D:3      | Found an iron altar of Okawaru.
  2778 | D:3      | Became a worshipper of Warmaster Okawaru
  3359 | D:4      | Reached XP level 6. HP: 40/47 MP: 14/14
  3687 | D:5      | Entered Level 5 of the Dungeon
  3710 | D:5      | Reached skill level 5 in Dodging
  3769 | D:5      | Found a staircase to the Ecumenical Temple.
  3786 | D:5      | HP: 1/47 [orc wizard/puff of frost (9)]
  3851 | D:5      | Noticed an ice beast
  3868 | D:6      | Reached XP level 7. HP: 26/52 MP: 15/15
  4089 | D:6      | Reached * piety under Okawaru
  4568 | D:6      | Reached XP level 8. HP: 41/60 MP: 16/16
  4710 | D:6      | Noticed Grinder
  4725 | D:6      | Killed Grinder
  4725 | D:6      | Reached ** piety under Okawaru
  4730 | D:6      | Noticed Sigmund
  4739 | D:6      | Killed Sigmund
  5199 | D:6      | Found Ibbofeol's Magic Scroll Boutique.
  5204 | D:6      | Bought a scroll of enchant armour for 97 gold pieces
  5204 | D:6      | Bought a scroll of remove curse for 39 gold pieces
  5204 | D:6      | Bought a scroll of holy word for 97 gold pieces
  5459 | D:5      | Reached skill level 5 in Transmutations
  5459 | D:5      | Reached XP level 9. HP: 42/66 MP: 18/18
  5725 | D:5      | Found Hin Xakh's Weapon Boutique.
  6082 | D:6      | Reached *** piety under Okawaru
  6792 | D:7      | Noticed Menkaure
  6803 | D:7      | Killed Menkaure
  6804 | D:7      | Reached skill level 5 in Fighting
  7325 | D:7      | Found a burning altar of Makhleb.
  7434 | D:7      | Noticed a purple ugly thing
  7435 | D:7      | Reached skill level 5 in Invocations
  7798 | D:7      | Killed a purple ugly thing
  7798 | D:7      | Reached **** piety under Okawaru
  7799 | D:7      | Reached XP level 10. HP: 33/75 MP: 17/20
  7981 | D:7      | Reached skill level 5 in Short Blades
  7981 | D:7      | Reached skill level 5 in Long Blades
  7981 | D:7      | Reached skill level 5 in Axes
  7981 | D:7      | Reached skill level 5 in Maces & Flails
  7981 | D:7      | Reached skill level 5 in Polearms
  7981 | D:7      | Reached skill level 5 in Staves
  7981 | D:7      | Reached skill level 5 in Slings
  7981 | D:7      | Reached skill level 5 in Bows
  7981 | D:7      | Reached skill level 5 in Crossbows
  7981 | D:7      | Reached skill level 5 in Throwing
  7981 | D:7      | Reached skill level 5 in Armour
  7981 | D:7      | Reached skill level 5 in Stealth
  7981 | D:7      | Reached skill level 5 in Shields
  7981 | D:7      | Reached skill level 5 in Evocations
  8426 | D:7      | Identified the +3 hunting sling of Fatigue {venom, rF+ rN+
                  | Str-2}
  8426 | D:7      | Identified the ring of Fixation {rElec rC+ EV+4 Dex+7}
  8507 | D:7      | Noticed a cyclops
  8515 | D:7      | Killed a cyclops
  8536 | D:7      | Found a runed translucent door.
  8537 | D:7      | Noticed a boulder beetle
  8539 | D:7      | Found a runed translucent door.
  8643 | D:7      | Found a runed translucent door.
  8644 | D:7      | Noticed Crazy Yiuf
  9408 | D:8      | Received a gift from Okawaru
  9416 | D:8      | Noticed a two-headed ogre
  9424 | D:8      | Killed a two-headed ogre
  9442 | D:8      | Noticed a centaur warrior
  9455 | D:8      | Killed a centaur warrior
  9455 | D:8      | Reached ***** piety under Okawaru
  9455 | D:8      | Received a gift from Okawaru
 10072 | D:9      | Found an ancient bone altar of Kikubaaqudgha.
 10115 | D:8      | Reached XP level 11. HP: 32/83 MP: 22/22
 10339 | D:9      | Noticed Erolcha
 10369 | D:9      | Received a gift from Okawaru
 10373 | D:9      | Killed Erolcha
 10374 | D:9      | Reached skill level 5 in Conjurations
 10374 | D:9      | Reached skill level 5 in Hexes
 10374 | D:9      | Reached skill level 5 in Summonings
 10374 | D:9      | Reached skill level 5 in Necromancy
 10374 | D:9      | Reached skill level 5 in Translocations
 10374 | D:9      | Reached skill level 5 in Fire Magic
 10374 | D:9      | Reached skill level 5 in Ice Magic
 10374 | D:9      | Reached skill level 5 in Air Magic
 10374 | D:9      | Reached skill level 5 in Earth Magic
 10374 | D:9      | Reached skill level 5 in Poison Magic
 10381 | D:9      | Noticed Grum
 10391 | D:9      | Noticed Joseph
 10396 | D:9      | Killed Grum
 10700 | D:9      | Killed Joseph
 10700 | D:9      | Received a gift from Okawaru
 10732 | D:9      | Noticed a two-headed ogre
 10738 | D:9      | Killed a two-headed ogre
 10738 | D:9      | Received a gift from Okawaru
 11594 | D:10     | Entered Level 10 of the Dungeon
 11917 | D:10     | Found Qoar's Assorted Antiques.
 11931 | D:10     | Bought a scroll labelled YROFILU ZAOXOCK for 20 gold pieces
 12188 | D:10     | Found Suniag's Gadget Shoppe.
 12401 | D:11     | Noticed Sonja
 12404 | D:11     | Killed Sonja
 12457 | D:11     | Noticed a cyclops
 12521 | D:11     | Found a staircase to the Lair.
 12521 | D:11     | Noticed Snorg
 12666 | D:11     | Found a runed translucent gate.
 12666 | D:11     | Found a runed translucent gate.
 12669 | D:11     | Found a runed translucent gate.
 12672 | D:11     | Noticed TangoThomas's ghost (journeyman DsGl)
 12704 | D:11     | Noticed Erica
 12717 | D:11     | Killed Erica
 12734 | D:11     | Noticed a green ugly thing
 12811 | D:11     | Noticed a purple ugly thing
 12825 | D:11     | Killed a purple ugly thing
 12828 | D:11     | Killed a cyan ugly thing
 12829 | D:11     | Reached XP level 12. HP: 83/91 MP: 24/24
 13337 | D:11     | Learned a level 4 spell: Airstrike
 13396 | D:11     | Noticed a two-headed ogre
 13416 | D:11     | Killed a two-headed ogre
 13965 | D:11     | Killed Snorg
 14405 | D:11     | Killed TangoThomas's ghost
 14405 | D:11     | Received a gift from Okawaru
 14410 | D:11     | Reached skill level 10 in Unarmed Combat
 14893 | D:12     | Found a staircase to the Orcish Mines.
 15294 | D:13     | Reached XP level 13. HP: 98/98 MP: 24/26
 15410 | D:13     | Reached skill level 10 in Crossbows
 15531 | D:13     | You fall into a shaft and drop 2 floors!
 15531 | D:15     | Entered Level 15 of the Dungeon
 15794 | D:14     | Received a gift from Okawaru
 15804 | D:14     | Found a gate leading to a gauntlet.
 15813 | Gauntlet | Entered a Gauntlet
 15813 | Gauntlet | Found a transporter.
 15849 | Gauntlet | Found a transporter.
 15866 | Gauntlet | Found a transporter.
 15871 | Gauntlet | Found a transporter.
 15886 | Gauntlet | Found a transporter.
 15905 | Gauntlet | Found a transporter.
 15917 | Gauntlet | Found a transporter.
 15929 | Gauntlet | Found a transporter.
 15935 | Gauntlet | Found a transporter.
 15935 | Gauntlet | Found a transporter.
 15950 | Gauntlet | Found a transporter.
 15956 | Gauntlet | Found a transporter.
 15971 | Gauntlet | Found a transporter.
 15977 | Gauntlet | Noticed an entropy weaver
 15990 | Gauntlet | Found a transporter.
 16007 | Gauntlet | Found a transporter.
 16032 | Gauntlet | Found a transporter.
 16034 | Gauntlet | Found a transporter.
 16054 | Gauntlet | Found a transporter.
 16318 | Gauntlet | Received a gift from Okawaru
 16431 | Gauntlet | Got a twitching steel ring
 16437 | Gauntlet | Identified the ring of Roun Doe {rF++ rC+} (You found it in
                  | a Gauntlet)
 16441 | Gauntlet | Identified the +7 hand axe of Guile {venom, rPois Dex+4}
                  | (You found it in a Gauntlet)
 16445 | Gauntlet | Reached skill level 10 in Spellcasting
 16445 | Gauntlet | Reached XP level 14. HP: 108/108 MP: 26/28
 16470 | Gauntlet | Received a gift from Okawaru
 16474 | Gauntlet | Got a masterwork rapier {god gift}
 16513 | D:14     | Identified the +8 rapier "Jumiemeq" {pain, rF+} (Okawaru
                  | gifted it to you in a Gauntlet)
 16606 | D:14     | Found Jimokk's Antique Armour Shop.
 16625 | D:14     | Bought a pair of glowing gloves for 322 gold pieces
 16698 | D:14     | Reached skill level 10 in Dodging
 16776 | D:14     | Found a gate to the Vaults.
 16776 | D:14     | Noticed an ironheart preserver
 16797 | D:14     | Killed an ironheart preserver
 17043 | D:14     | Noticed Agnes
 17069 | D:14     | Slain by Agnes

Illustrated notes

Levels and vault maps discovered:
D:1:      minmay_arrival_stair_chambers, layout_loops_ring
D:2:      layout_basic, uniq_robin
D:3:      layout_basic, eat_drink_and_be_merry_uskayaw, grunt_ministairs_8,
          okawaru_altar_gauntlet_db
D:4:      layout_cave_pools, kennysheep_generic_room_7
D:5:      layout_rooms, minmay_temple_entry_mist, serial_shops, shop
D:6:      layout_loops_corners, serial_shops, nicolae_shop_trees, uniq_sigmund,
          uniq_grinder
D:7:      minmay_the_grid_triangle_9x9_rhombus_thin
          [minmay_the_grid_triangle_9x9_tough_junction,
          minmay_the_grid_triangle_9x9_prize_center,
          minmay_the_grid_triangle_9x9_steps,
          minmay_the_grid_triangle_9x9_sprig], layout_rooms, basic_altar,
          uniq_crazy_yiuf_cottage, uniq_menkaure
D:8:      layout_gridville, serial_bayou_ford_a, minmay_three_doors
D:9:      layout_basic, basic_altar, uniq_joseph, uniq_grum, uniq_erolcha
D:10:     layout_long_grid, serial_shops, shop, nicolae_shop_waterfront
D:11:     layout_roguey, david_lair_shrubbed, gammafunk_ghost_spectres,
          serial_rivers, chequers_serial_rivers_small_a,
          chequers_serial_rivers_micro_c, chequers_serial_rivers_micro_b,
          chequers_serial_rivers_room_b, chequers_serial_rivers_small_3,
          uniq_snorg, uniq_sonja, uniq_erica
D:12:     layout_roguey, orc_0_dummy
D:13:     layout_roguey [special_room_orc]
D:14:     layout_irregular_city, skrybe_vaults_entry_preservation,
          gauntlet_entry_generic, serial_shops, shop, uniq_agnes
D:15:     grunt_enter_depths_giant_problem, layout_loops_cross,
          serial_bayou_pond_b, serial_shops, shop_statue,
          minmay_guarded_unrand_skullcrusher

Skill      XL: |  1  2  3  4  5  6  7  8  9 10 11 12 13 14 |
---------------+-------------------------------------------+-----
Spellcasting   | 5 6 7 8 9 10 | 10.2
Invocations    | 1 2 3 4 5 6 7 8 9 |  9.8
Short Blades   | 1 2 3 4 5 6 7 8 9 |  9.0
Long Blades    | 1 2 3 4 5 6 7 8 9 |  9.0
Axes           | 1 2 3 4 5 6 7 8 9 |  9.0
Maces & Flails | 1 2 3 4 5 6 7 8 9 |  9.0
Polearms       | 1 2 3 4 5 6 7 8 9 |  9.0
Staves         | 1 2 3 4 5 6 7 8 9 |  9.0
Slings         | 1 2 3 4 5 6 7 8 9 |  9.0
Bows           | 1 2 3 4 5 6 7 8 9 |  9.0
Crossbows      | 1 2 3 4 6 8 9 11 | 11.3
Throwing       | 1 2 3 4 5 6 7 8 9 |  9.0
Armour         | 1 2 3 4 5 6 7 8 9 |  9.0
Stealth        | 1 2 3 4 5 6 7 8 9 |  9.0
Shields        | 1 2 3 4 5 6 7 8 9 |  9.0
Evocations     | 1 2 3 4 5 6 7 8 9 |  9.0
Conjurations   | 1 2 3 4 5 6 7 |  7.5
Hexes          | 1 2 3 4 5 6 7 |  7.5
Summonings     | 1 2 3 4 5 6 7 |  7.5
Necromancy     | 1 2 3 4 5 6 7 |  7.5
Translocations | 1 2 3 4 5 6 7 |  7.5
Fire Magic     | 1 2 3 4 5 6 7 |  7.5
Ice Magic      | 1 2 3 4 5 6 7 |  7.5
Air Magic      | 1 2 3 4 5 6 7 |  7.5
Earth Magic    | 1 2 3 4 5 6 7 |  7.5
Poison Magic   | 1 2 3 4 5 6 7 |  7.5
Fighting       | 3 4 5 6 7 8 9 |  9.3
Transmutations | 4 5 6 7 8 |  8.5
Dodging        | 5 6 7 8 9 10 | 10.1
Unarmed Combat | 7 8 9 10 11 | 11.0

Action                   |  1- 3 |  4- 6 |  7- 9 | 10-12 | 13-15 || total
-------------------------+-------+-------+-------+-------+-------++-------
Melee: Unarmed           |    74 |   178 |    49 |       |       ||   301
       Bite              |     7 |    21 |    33 |   106 |    44 ||   211
       Punch             |     2 |     3 |     3 |       |       ||     8
       Kick              |     7 |     2 |       |       |       ||     9
       Headbutt          |     3 |     1 |       |       |       ||     4
       Lajatang          |       |       |   210 |   561 |   231 ||  1002
 Cast: Beastly Appendage |     2 |     1 |       |     2 |       ||     5
Invok: Heroism           |       |       |     6 |    21 |     8 ||    35
       Finesse           |       |       |       |     4 |     5 ||     9
Evoke: Wand              |       |     1 |    13 |    16 |     1 ||    31
       Phantom mirror    |       |       |       |       |     1 ||     1
  Use: Scroll            |     1 |     9 |    11 |     8 |     8 ||    37
       Potion            |     1 |     6 |     3 |     3 |     4 ||    17
 Stab: Sleeping          |     1 |     1 |     4 |    17 |     3 ||    26
       Paralysed         |       |       |     5 |     1 |       ||     6
       Distracted        |       |       |     1 |     1 |     3 ||     5
Armor: Robe              |     2 |       |       |       |       ||     2
       Ring mail         |    10 |    54 |   110 |    68 |       ||   242
       Skin              |       |       |     3 |       |       ||     3
       Troll leather arm |       |       |       |    21 |    36 ||    57
Dodge: Dodged            |    28 |   129 |   260 |   561 |   250 ||  1228
